AoeStats
← lfherreraz

Black Forest

507924368Analyzed
3v3 RM · 12d ago on Sep 20, 2026· 31m 34s· 6 players
Game mode
Random Map
Map size
Normal (6 player)
Population
200
Speed
Normal
Resources
Standard
Victory
Conquest
Starting age
Dark Age
Ending age
Imperial Age
RankedLock teamsTeams togetherTeam positionsShared explorationLock speedFull tech treeHidden civsTurbo modeCheats
Victory
Defeat
🇲🇽 Spanish · Mexico
700
+14
🇲🇽 Bohemians · Mexico
646
+24
🇲🇽 Turks · Mexico
646
+17
701
-25
🇳🇱 Bohemians · Netherlands
695
-17
🇨🇴 Franks · Colombia
589
-13
XxPvtPiotrxX
10:19 Loom
14:06 Feudal Age
14:26 Horse Collar
21:26 Castle Age
20:06 Stone Mining
20:09 Gold Mining
30:36 Fletching
NepeDorado
13:27 Feudal Age
23:43 Castle Age
22:34 Loom
23:25 Wheelbarrow
22:46 Double-Bit Axe
28:28 Town Watch
30:05 Bow Saw
31:03 Wheelbarrow
30:28 Town Patrol
Deltacastro
0:36 Loom
12:10 Feudal Age
13:49 Double-Bit Axe
14:43 Gold Mining
19:26 Castle Age
17:44 Stone Mining
18:02 Horse Collar
21:30 Heavy Plow
24:38 Bow Saw
24:52 Fletching
31:27 Wheelbarrow
nel
1:12 Loom
12:29 Feudal Age
13:08 Double-Bit Axe
13:06 Horse Collar
22:43 Castle Age
21:04 Fishing Lines
23:37 Bow Saw
23:28 Heavy Plow
23:34 Caravan
24:30 Wheelbarrow
lfherreraz
0:28 Loom
15:53 Feudal Age
17:15 Wheelbarrow
16:31 Double-Bit Axe
17:13 Town Watch
25:10 Castle Age
『GTO』ヾ柠檬NINGMENG
11:12 Feudal Age
13:04 Wheelbarrow
12:20 Double-Bit Axe
18:56 Horse Collar
22:35 Castle Age
24:44 Hand Cart
24:31 Heavy Plow
24:43 Bow Saw
Connection lost

Rejoining the realm…

Still unreachable

The connection could not be restored.

Session expired

The server has moved on; the page needs a fresh start.